 Dungeon Crawl Stone Soup version 0.22.1-2-g9c5b331383 (webtiles) character file.

99 Ihlosi the Skirmisher (level 5, -3/41 HPs)
             Began as a Human Gladiator on Nov 18, 2018.
             Slain by a gnoll
             ... wielding a +0 spear
              (6 damage)
             ... on level 2 of the Dungeon.
             The game lasted 00:05:03 (1681 turns).

Ihlosi the Skirmisher (Human Gladiator)             Turns: 1681, Time: 00:05:04

Health: -3/41      AC:  5    Str: 14    XL:     5   Next: 2%
Magic:  5/5        EV: 13    Int:  9    God:
Gold:   96         SH:  0    Dex: 15    Spells: 4/4 levels left

rFire    . . .     SeeInvis .   a - +0 long sword
rCold    . . .     Gourm    .   (no shield)
rNeg     . . .     Faith    .   b - +0 leather armour
rPois    .         Spirit   .   c - +0 helmet
rElec    .         Reflect  .   r - +0 cloak
rCorr    +         Harm     .   (no gloves)
MR       .....                  (no boots)
Stlth    ++........             j - amulet of regeneration
HPRegen  0.53/turn              s - ring of resist corrosion
MPRegen  0.09/turn              (no ring)

@: no status effects
A: no striking features
a: no special abilities


You were on level 2 of the Dungeon.
You were not hungry.

You visited 1 branch of the dungeon, and saw 2 of its levels.

You collected 96 gold pieces.

Inventory:

Hand Weapons
 a - a +0 long sword (weapon)
Missiles
 d - 3 throwing nets (quivered)
 t - 23 bolts
Armour
 b - a +0 leather armour (worn)
 c - a +0 helmet (worn)
 r - a +0 cloak (worn)
Jewellery
 j - an amulet of regeneration (around neck)
 s - a ring of resist corrosion (left hand)
Scrolls
 e - 4 scrolls of identify {unknown}
 g - a scroll of fear {unknown}
 h - 2 scrolls of teleportation {unknown}
 k - a scroll of fog {unknown}
 l - 2 scrolls of immolation {unknown}
 m - 2 scrolls of remove curse {unknown}
 p - a scroll of blinking {unknown}
Potions
 i - a potion of haste {unknown}
 n - 2 potions of degeneration {unknown}
 q - 2 potions of curing {unknown}
Comestibles
 f - 3 rations
 o - 4 chunks of flesh


   Skills:
 * Level 3.5 Fighting
 - Level 3.0 Long Blades
 - Level 2.0 Throwing
 * Level 2.6 Armour
 - Level 3.0 Dodging
 - Level 1.0 Stealth


You had 4 spell levels left.
You didn't know any spells.
Your spell library was empty.

Dungeon Overview and Level Annotations

Branches:
Dungeon (2/15)

Altars:


Message History

The gnoll is heavily wounded.
The gnoll hits you with a spear. The gnoll closely misses you.
You hit the gnoll.
The gnoll is severely wounded.
The gnoll barely misses you. The gnoll closely misses you.
You barely miss the gnoll.
The gnoll is severely wounded.
The gnoll hits you but does no damage.
The gnoll hits you from afar with a halberd.
You closely miss the gnoll.
The gnoll is severely wounded.
The gnoll barely misses you.
The gnoll hits you from afar with a halberd.
The gnoll hits you but does no damage.
You completely miss the gnoll.
The gnoll is severely wounded.
The gnoll hits you from afar with a halberd!
* * * LOW HITPOINT WARNING * * *
The gnoll hits you with a spear.
You die...

###.#.##...# ..
.........#.##....#
....##†#...##....#
....##.###.......##########
....##.....g#.............#
#.#.###......###..........#
...........#.# #..........#
#.#####....#.###..........###
.....).......ggg@.........+.#
..#####....##.###......<..#(#
.....##...##....#.........#.#
..##.##...##.#..##..#######.#
......#.........##..## #.#
.............#.###...# #.#
................##.#.# #.###
................##.#.## #.#.#
###..............#....#
###...#


You could see 3 gnolls.

Vanquished Creatures
  4 adders (D:2)
  2 leopard geckos
  3 orcs (D:2)
  8 goblins
  6 hobgoblins
  9 jackals
  2 quokkas (D:2)
  3 ball pythons
  6 bats
  3 frilled lizards
  5 kobolds
  7 rats
58 creatures vanquished.

Notes
Turn   | Place    | Note
-------+----------+-------------------------------------------
     0 | D:1      | Ihlosi the Human Gladiator began the quest for the Orb.
     0 | D:1      | Reached XP level 1. HP: 16/16 MP: 1/1
    75 | D:1      | Reached XP level 2. HP: 5/22 MP: 2/2
    81 | D:1      | Reached skill level 1 in Stealth
   545 | D:1      | Reached skill level 1 in Armour
   684 | D:1      | Reached XP level 3. HP: 28/28 MP: 3/3
  1259 | D:2      | Reached XP level 4. HP: 32/35 MP: 4/4
  1564 | D:2      | Reached XP level 5. HP: 35/41 MP: 5/5
  1681 | D:2      | Slain by a gnoll

Skill      XL: |  1  2  3 |
---------------+----------+-----
Stealth        | 1 |  1.0
Armour         | 1 2 |  2.6
Fighting       | 3 |  3.5
Long Blades    | |  3.0
Throwing       | |  2.0
Dodging        | |  3.0

Action                   |  1- 3 |  4- 6 || total
-------------------------+-------+-------++-------
Melee: Long sword        |   107 |    57 ||   164
Throw: Throwing net      |     3 |       ||     3
  Eat: Chunk             |     1 |     2 ||     3
Armor: Leather armour    |    53 |    23 ||    76
Dodge: Dodged            |   115 |    71 ||   186
       Rpst.: Long sword |    29 |    10 ||    39
